Unix NetHack Version 5.0.0-0 post-release - last build Jul 19 2026 19:10:59 (3aa4ab31751d3886436d94b585a96704892fd477,branch:main).

Game began 2026-07-30 00:10:00, ended 2026-07-30 00:17:00.

IanCurtis, chaotic male elven Wizard

                  ----------
                  |.........#
                  |........|#
                  |.......<.###################
                  --.-------##                ############# --------------
                    ###########                           # |....>.......|
                              ##                          #%-)...........|
                               #                            |............|
                               %                            |..........(.|
                               #                           #.........@...|
                               #                           #--------------
                               )

IanCurtis the Conjurer    St:11 Dx:12 Co:13 In:18 Wi:11 Ch:11  Chaotic
Dlvl:6  $:114 HP:0(32) Pw:19(49) AC:8  Xp:4 T:1322  Blind Deaf

Latest messages:
 This food really hits the spot!
 You finish eating the food ration.
 Please move the cursor to a monster, object or location.
 (For instructions type a '?')
 In what direction? n
 The spell hits the little dog!
 You kill the little dog!
 The jackal bites!
 You kill the jackal!
 The jackal bites!
 In what direction? l
 The spell hits the rabid rat!
 You kill the rabid rat!
 The spell misses the jackal.
 In what direction? l
 The spell hits the jackal!
 You kill the jackal!
 The spell hits the hill orc!
 You kill the hill orc!
 The grid bug bites!
 You get zapped!
 You kill the grid bug!
 You see here a curved sword.
 You see here a curved sword.
 You miss the sewer rat.
 The sewer rat bites!
 You kill the sewer rat!
 In what direction? h
 The spell hits the Mordor orc!
 The spell hits the bat!
 You kill the bat!
 In what direction? h
 The spell hits the Mordor orc!
 You kill the Mordor orc!
 You are momentarily blinded by a flash of light!
 You hear a deafening roar!
 Wait!  There's something there you can't see!
 It bites!
 It hits!
 It bites!
 Wait!  There's something there you can't see!
 It bites!
 It hits!
 It bites!
 Wait!  There's something there you can't see!
 It bites!
 It hits!
 It bites!
 You die...
 Do you want your possessions identified? [ynq] (y) q

Inventory:
 Coins    ('$')
  $ - 114 gold pieces
 Weapons  (')')
  v - a blessed +1 dagger
  a - a blessed +1 quarterstaff (weapon in hands)
 Armor    ('[')
  r - an uncursed +0 orcish helm (being worn)
  b - an uncursed +0 cloak of magic resistance (being worn)
 Comestibles  ('%')
  A - an uncursed food ration
 Scrolls  ('?')
  F - an uncursed scroll of amnesia
  B - an uncursed scroll of confuse monster
  j - 2 uncursed scrolls of identify
  i - an uncursed scroll of light
  k - an uncursed scroll of scare monster
  z - an uncursed scroll of taming
 Spellbooks  ('+')
  w - an uncursed spellbook of blank paper
  l - a blessed spellbook of force bolt
  m - an uncursed spellbook of haste self
 Potions  ('!')
  D - a cursed potion of healing
  f - an uncursed potion of oil
  h - an uncursed potion of see invisible
  g - 2 uncursed potions of water
 Rings    ('=')
  e - an uncursed +1 ring of gain strength
  d - an uncursed ring of polymorph control
 Wands    ('/')
  E - a blessed wand of digging (0:4)
  c - a wand of light (0:15)
  p - a wand of secret door detection (0:13)
  q - a wand of speed monster (0:6)
 Tools    ('(')
  o - an uncursed wooden harp
  n - a magic marker (0:21)

IanCurtis the Wizard's attributes:

Background:
 You were a Conjurer, a level 4 male elven Wizard.
 You were chaotic, on a mission for Anhur
 who was opposed by Ptah (lawful) and Thoth (neutral).
 You were right-handed.
 You were in the Dungeons of Doom, on level 6.
 You entered the dungeon 1322 turns ago.
 It was the midnight hour.
 There was a full moon in effect when your adventure ended.
 You had 146 experience points, 14 more were needed to attain level 5.

Basics:
 You had 0 out of 32 hit points.
 You had 19 out of 49 energy points (spell power).
 Your armor class was 8.
 Your wallet contained 114 zorkmids.
 Autopickup was off.

Final Characteristics:
 Your strength was 11 (limit:18).
 Your dexterity was 12 (limit:18).
 Your constitution was 13 (limit:16).
 Your intelligence was 18 (limit:20).
 Your wisdom was 11 (limit:20).
 Your charisma was 11 (limit:18).

Final Status:
 You were temporarily blind.
 You were deaf.
 You weren't hungry.
 You were unencumbered.
 You were wielding a quarterstaff.
 You had basic skill with quarterstaff.

Final Attributes:
 You were devoutly aligned.
 You were magic-protected.
 You were sleep resistant.
 You had infravision.
 You were warded.
 You were lucky.
 You are dead.

Miscellaneous:
 You didn't encounter any bones levels.
 Total elapsed playing time was 7 minutes.

Major events:
 Turn
    1: IanCurtis the chaotic male elven Wizard entered the dungeon
  601: attained the rank of Conjurer (level 3)
 1322: killed by a kitten

Spells:
 Name                 Level Category     Fail Retention
 force bolt             1   attack         0%  91%-100%
 haste self             3   escape        87%  76%-100%

Skills:
 Fighting Skills
   bare handed combat [Unskilled]
   riding             [Unskilled]
 Weapon Skills
   dagger             [Unskilled]
   knife              [Unskilled]
   axe                [Unskilled]
   short sword        [Unskilled]
   club               [Unskilled]
   mace               [Unskilled]
   quarterstaff       [Basic]
   polearms           [Unskilled]
   spear              [Unskilled]
   trident            [Unskilled]
   sling              [Unskilled]
   dart               [Unskilled]
   shuriken           [Unskilled]
 Spellcasting Skills
   attack spells      [Basic]
   healing spells     [Unskilled]
   divination spells  [Unskilled]
   enchantment spells [Basic]
   clerical spells    [Unskilled]
   escape spells      [Unskilled]
   matter spells      [Unskilled]

Voluntary challenges:
 Character rerolling was not enabled.
 You never genocided any monsters.
 You never polymorphed an object.
 You never changed form.
 You used no wishes.
Achievement:
 You attained the rank of Conjurer.

 The Dungeons of Doom: levels 1 to 6
    Level 1:
    Level 2:
       Some altars to Anhur, a sink.
    Level 3:
       An altar to Anhur.
    Level 4:
    Level 5:
       Some fountains, many trees.
    Level 6: <- You were here.
       Final resting place for
          you, killed by a kitten.


Vanquished creatures:
  a Mordor orc
  a little dog
  4 hill orcs
  a rabid rat
  a monkey
 an orc zombie
  a hobbit
  a large kobold
  a hobgoblin
  a gecko
  3 jackals
  3 goblins
  a sewer rat
  3 grid bugs
  a bat
  2 lichens
  5 newts
31 creatures vanquished.

No species were genocided or became extinct.

Game over:
                       ----------
                      /          \
                     /    REST    \
                    /      IN      \
                   /     PEACE      \
                  /                  \
                  |    IanCurtis     |
                  |      114 Au      |
                  |   killed by a    |
                  |      kitten      |
                  |                  |
                  |                  |
                  |       2026       |
                 *|     *  *  *      | *
        _________)/\\_//(\/(/\)/\//\/|_)_______

Goodbye IanCurtis the Wizard...

You died in The Dungeons of Doom on dungeon level 6 with 947 points,
and 114 pieces of gold, after 1322 moves.
You were level 4 with a maximum of 32 hit points when you died.

